 Dungeon Crawl Stone Soup version 0.26.0-18-gc5c842f807 (webtiles) character file.

Game seed: 4556219266491651967

3575 Marvel the Grappler (level 9, -5/85 HPs)
             Began as a Troll Monk on Jan 23, 2021.
             Was a High Priest of the Shining One.
             Slain by a phantasmal warrior (25 damage)
             ... led by a death knight
             ... on level 8 of the Dungeon.
             The game lasted 00:16:04 (6196 turns).

Marvel the Grappler (Troll Monk)                    Turns: 6196, Time: 00:16:05

Health: -5/85      AC:  9    Str: 24    XL:     9   Next: 84%
Magic:  8/8        EV: 12    Int:  6    God:    the Shining One [*****.]
Gold:   203        SH:  0    Dex: 12    Spells: 7/8 levels left

rFire    + + .     SeeInvis .     - Unarmed
rCold    . . .     Faith    .   (no shield)
rNeg     + + .     Spirit   .   a - +1 robe
rPois    .         Reflect  .   C - +2 hat
rElec    .         Harm     .   (no cloak)
rCorr    .         Rampage  .   (gloves unavailable)
Will     .....                  (boots unavailable)
Stlth    +.........             A - amulet of magic regeneration
HPRegen  0.64/turn              f - ring of protection from fire
MPRegen  0.36/turn              q - ring of protection from fire

@: glowing
A: large, unfitting armour, claws 3, regeneration 1, shaggy fur 1, tough skin 3
a: Renounce Religion, Divine Shield, Cleansing Flame, Summon Divine Warrior


You were on level 8 of the Dungeon.
You worshipped the Shining One.
The Shining One was extremely pleased with you.
You visited 1 branch of the dungeon, and saw 8 of its levels.
You also visited: Ossuary.

You collected 481 gold pieces.
You spent 278 gold pieces at shops.

Inventory:

Hand Weapons
 n - a +5 dire flail of holy wrath
Missiles
 x - 42 poisoned darts (quivered)
Armour
 a - a +1 robe (worn)
 C - a +2 hat (worn)
Jewellery
 f - a ring of protection from fire (left claw)
 q - a ring of protection from fire (right claw)
 A - an amulet of magic regeneration (around neck)
 D - the ring of the Tarantula {rElec Will+ Str+6, unknown}
   (You found it on level 8 of the Dungeon)

   [ring of willpower]

   It affects your strength (+6).
   It insulates you from electricity.
   It affects your willpower, your defense against some magical effects.
Wands
 l - a wand of flame (21)
 B - a wand of polymorph (7)
Scrolls
 d - 10 scrolls of identify
 e - 5 scrolls of remove curse
 j - 2 scrolls of teleportation
 k - 4 scrolls of enchant weapon
 p - 3 scrolls of fear {unknown}
 t - a scroll of amnesia {unknown}
 v - 2 scrolls of immolation {unknown}
 y - a scroll of brand weapon {unknown}
 z - a scroll of random uselessness {unknown}
 E - a scroll of fog
Potions
 b - 3 potions of berserk rage
 c - 5 potions of attraction {unknown}
 g - 3 potions of brilliance {unknown}
 h - 5 potions of curing {unknown}
 i - 3 potions of haste
 m - 2 potions of flight {unknown}
 o - 3 potions of degeneration {unknown}
 r - 2 potions of ambrosia {unknown}
 s - 3 potions of lignification {unknown}
 u - a potion of resistance {unknown}
 w - a potion of cancellation {unknown}


   Skills:
 + Level 4.3 Fighting
 + Level 0.8 Throwing
 + Level 5.2 Dodging
 - Level 1.7 Stealth
 + Level 0.1 Shields
 + Level 11.9 Unarmed Combat
 + Level 0.2 Spellcasting
 + Level 0.2 Translocations
 + Level 0.6 Invocations


You had 7 spell levels left.
You knew the following spells:

 Your Spells              Type           Power        Failure   Level
a - Apportation           Tloc           0%           41%         1

Your spell library contained the following spells:

 Spells                   Type           Power        Failure   Level
 Freeze                   Ice            0%           45%         1
 Sting                    Tmut/Pois      0%           45%         1
 Frozen Ramparts          Ice            0%           83%         3
 Ozocubu's Armour         Ice            0%           83%         3
 Hailstorm                Conj/Ice       0%           99%         4
 Summon Ice Beast         Ice/Summ       0%           99%         4


Dungeon Overview and Level Annotations

Branches:
Dungeon (8/15)             Temple (0/1) D:5         Ossuary (visited)
   Lair: D:8-11

Altars:
Ashenzari
Dithmenos
Kikubaaqudgha
Sif Muna
Trog
Xom
Zin
The Shining One

Shops:
D:7 [


Innate Abilities, Weirdness & Mutations

You are too large for most types of armour.
You have claws for hands.
Your natural rate of healing is unusually fast.
You are covered in fur. (AC +1)
You have extremely tough skin. (AC +3)


Message History

The leopard gecko hisses angrily.
The leopard gecko hisses menacingly.
The skeletal warrior hits you with a +0 short sword!!
The leopard gecko bites you.
The howler monkey howls!
You claw the skeletal warrior! You claw the skeletal warrior.
The skeletal warrior is moderately damaged.
The skeletal warrior hits you with a +0 short sword!
The leopard gecko bites you.
The howler monkey hoots and howls with incredible vigour!
You hear a shout!
You barely miss the skeletal warrior.
The skeletal warrior is moderately damaged.
The phantasmal warrior blinks!
The phantasmal warrior blinks!
The phantasmal warrior barely misses you.
The phantasmal warrior hits you!!
* * * LOW HITPOINT WARNING * * *
The phantasmal warrior hits you!!
You die...

... ..#.p..#
#.#####..#.#
#........#.#
#######...##
#........z.#
#...†...lW.##
#...........#
#.......W.#.##
#########@...#
##.#.## #....#
##.#.# #.#.#
###### #...#
.....# ##..#
.....# #..#
.....# #..#


You could see a skeletal warrior, a phantasmal warrior, a wraith and a leopard
gecko.

Vanquished Creatures
  A two-headed ogre (D:7)
  Pikel (D:6)
  Eustachio (D:6)
  Edmund (D:4)
  3 orc warriors
  A phantom (D:7)
  An ice beast (D:5)
  2 centaurs
  A bullfrog (D:6)
  2 big kobolds
  A killer bee (D:5)
  A howler monkey (D:6)
  A centaur zombie (Ossuary)
  A centaur skeleton (D:5)
  A hound (D:6)
  2 bullfrog zombies
  A bullfrog skeleton (D:5)
  An iguana (D:6)
  8 orc wizards
  14 worker ants
  A killer bee zombie (D:6)
  4 ogre zombies (Ossuary)
  A big kobold zombie (Ossuary)
  2 hound skeletons
  8 mummies
  2 howler monkey zombies (D:6)
  8 adders
  6 gnolls
  2 shadow imps
  2 white imps
  3 ufetubi
  An ooze (D:1)
  4 adder zombies (Ossuary)
  5 worms
  A dart slug (D:1)
  3 leopard geckos
  27 orcs
  13 giant cockroaches
  A gnoll zombie (Ossuary)
  3 goblins
  9 hobgoblins
  4 jackals (D:3)
  2 quokkas
  2 ball pythons (D:1)
  A ball python skeleton (D:5)
  6 bats
  9 frilled lizards
  7 goblin zombies
  3 hobgoblin zombies (Ossuary)
  34 kobolds
  3 kobold zombies (Ossuary)
  A quokka skeleton (D:6)
  3 quokka zombies (Ossuary)
  5 rats (D:1)
  5 rat zombies (Ossuary)
  A butterfly (D:5)
237 creatures vanquished.

Vanquished Creatures (others)
  A centaur skeleton (D:6)
  A worker ant (D:6)
  An ufetubus (D:6)
  A quokka (D:6)
  21 plants (D:6)
  4 toadstools (D:1)
29 creatures vanquished.

Grand Total: 266 creatures vanquished

Notes
Turn   | Place    | Note
-------+----------+-------------------------------------------
     0 | D:1      | Marvel the Troll Monk began the quest for the Orb.
     0 | D:1      | Reached XP level 1. HP: 22/22 MP: 0/0
    86 | D:1      | Reached XP level 2. HP: 25/29 MP: 1/1
   504 | D:1      | Reached XP level 3. HP: 34/36 MP: 2/2
   857 | D:2      | Found a broken altar of Ashenzari.
  1190 | D:2      | Found a shadowy altar of Dithmenos.
  1402 | D:2      | Reached skill level 4 in Unarmed Combat
  1402 | D:2      | Reached XP level 4. HP: 32/44 MP: 3/3
  2016 | D:3      | Reached XP level 5. HP: 33/52 MP: 4/4
  2254 | D:3      | Found a glowing golden altar of the Shining One.
  2262 | D:3      | Became a worshipper of the Shining One
  2262 | D:3      | Reached * piety under the Shining One
  2262 | D:3      | Reached ** piety under the Shining One
  2304 | D:4      | Noticed Edmund
  2314 | D:4      | Killed Edmund
  2315 | D:4      | Reached skill level 5 in Unarmed Combat
  2315 | D:4      | Reached XP level 6. HP: 53/61 MP: 5/5
  2321 | D:4      | Found a shadowy altar of Dithmenos.
  2562 | D:4      | Found a sand-covered staircase.
  2568 | Ossuary  | Entered an ossuary
  2744 | Ossuary  | Reached skill level 6 in Unarmed Combat
  2752 | Ossuary  | Reached *** piety under the Shining One
  2901 | Ossuary  | Reached XP level 7. HP: 67/67 MP: 6/6
  2980 | Ossuary  | Reached **** piety under the Shining One
  3417 | D:5      | Entered Level 5 of the Dungeon
  3448 | D:5      | Found a glowing silver altar of Zin.
  3537 | D:5      | Found a runed translucent door.
  3538 | D:5      | Found a runed translucent door.
  3545 | D:5      | Reached skill level 7 in Unarmed Combat
  3693 | D:5      | Reached ***** piety under the Shining One
  3880 | D:5      | Reached skill level 8 in Unarmed Combat
  3949 | D:5      | Reached XP level 8. HP: 71/75 MP: 7/7
  3962 | D:5      | Found a staircase to the Ecumenical Temple.
  4215 | D:6      | Noticed Pikel
  4232 | D:6      | Killed Pikel
  4233 | D:6      | Reached skill level 9 in Unarmed Combat
  4493 | D:6      | Found a shimmering blue altar of Sif Muna.
  4502 | D:6      | Identified Sif Muna's Compendium of Twisted Poison
  4508 | D:6      | Found a bloodstained altar of Trog.
  4517 | D:6      | Reached skill level 10 in Unarmed Combat
  4527 | D:6      | Found a shimmering altar of Xom.
  4642 | D:6      | Reached XP level 9. HP: 73/84 MP: 8/8
  4857 | D:6      | Noticed Eustachio
  4878 | D:6      | Killed Eustachio
  4997 | D:6      | Learned a level 1 spell: Apportation
  5119 | D:7      | Found Hyoruh's Armour Emporium.
  5179 | D:7      | Bought the +2 ratskin cloak {*Rats rPois rN+ Str-1 Int-1
                  | Dex+1} for 278 gold pieces
  5179 | D:7      | Found the +2 ratskin cloak {*Rats rPois rN+ Str-1 Int-1
                  | Dex+1}
  5600 | D:8      | Reached skill level 11 in Unarmed Combat
  5624 | D:8      | Got a slimy turquoise ring
  5630 | D:8      | Noticed a death knight
  5630 | D:8      | Noticed a phantasmal warrior
  5631 | D:8      | Noticed a skeletal warrior
  5631 | D:8      | Noticed a freezing wraith
  5866 | D:8      | Noticed a two-headed ogre
  5936 | D:7      | Killed a two-headed ogre
  5937 | D:7      | Reached skill level 5 in Dodging
  6049 | D:8      | Found an ancient bone altar of Kikubaaqudgha.
  6196 | D:8      | Slain by a phantasmal warrior

Illustrated notes

Levels and vault maps discovered:
D:1:      ldierk_walled_garden_2, layout_loops_cross, minmay_shallow_snake_nest
D:2:      layout_loops_ring, ashenzari_altar_1, lemuel_doored_altar,
          moated_statue, minivault_14
D:3:      layout_basic, lemuel_coloured_pillars_altar, serial_corexii_hall,
          chequers_hall_statues_corner_a, corexii_hall_statues_x
D:4:      layout_gridville, nicolae_ossuary_entry_giza,
          nicolae_dithmenos_through_a_glass_darkly, uniq_edmund
D:5:      lemuel_insect_pit, layout_loops_cross, zin_statuary,
          minmay_temple_entry_purple_smoke, chequers_serial_rivers_room_b,
          lemuel_old_faithful
D:6:      kennysheep_kobold_camp, layout_gridville, xom_confusion_cloud,
          nzn_overflow_gifts_of_might_and_magic, uniq_pikel, uniq_eustachio
D:7:      layout_basic, serial_shops, shop, serial_curves, eino_curves_03,
          eino_curves_03
D:8:      layout_basic, kiku_gazebo_pond_becter

Skill      XL: |  1  2  3  4  5  6  7  8  9 |
---------------+----------------------------+-----
Dodging        | 3 4 5 |  5.2
Unarmed Combat | 4 5 6 8 10 11 | 11.9
Fighting       | 3 4 |  4.3
Throwing       | |  0.8
Stealth        | |  1.7
Shields        | |  0.1
Spellcasting   | |  0.2
Translocations | |  0.2
Invocations    | |  0.6

Action                   |  1- 3 |  4- 6 |  7- 9 || total
-------------------------+-------+-------+-------++-------
Melee: Unarmed           |   133 |   194 |   329 ||   656
       Punch             |     1 |     3 |    13 ||    17
Throw: Dart              |       |       |     4 ||     4
 Cast: Apportation       |       |       |     1 ||     1
Invok: Divine Shield     |       |     1 |     1 ||     2
  Use: Scroll            |       |     8 |       ||     8
 Stab: Sleeping          |     2 |       |       ||     2
Armor: Robe              |    50 |    51 |    82 ||   183
Dodge: Dodged            |    78 |   105 |   153 ||   336
Block: Other             |       |       |     2 ||     2
